 Dungeon Sprint DCSS version 0.15-a0-756-g319e367 (webtiles) character file.

9 BluebellGnoll the Thaumaturge (level 2, -4/15 HPs)
             Began as a Deep Elf Fire Elementalist on May 11, 2014.
             Was an Initiate of Sif Muna.
             Slain by a polar bear (6 damage)
             ... in the Dungeon (Sprint V: "Ziggurat Sprint").
             The game lasted 00:01:59 (113 turns).

BluebellGnoll the Thaumaturge (DEFE)                 Turns: 113, Time: 00:01:59

HP  -4/15        AC  2     Str 16      XL: 2   Next:  6%
MP  17/18        EV 18     Int 25      God: Sif Muna [......]
Gold 0           SH  0     Dex 20      Spells:  2 memorised, 18 levels left

rFire  . . .     SeeInvis .     J - +5 quick blade
rCold  . . .     Clarity  .     a - +0 robe
rNeg   . . .     Conserve .     (no shield)
rPois  .         rCorr    .     (no helmet)
rElec  .         rRot     .     (no cloak)
SustAb . .       Spirit   .     (no gloves)
rMut   .         Warding  .     (no boots)
Gourm  .         NoTele   +     (no amulet)
MR     .....                    s - +6 ring of strength
                                p - +6 ring of intelligence

@: invisible, mighty, agile, very slightly contaminated, bribing [], not
resistant to hostile enchantments, fairly stealthy
A: no striking features
a: Renounce Religion


You were in the Dungeon.
You worshipped Sif Muna.
Sif Muna was noncommittal.
You were very full.

You visited 1 branch

Inventory:

Hand weapons
 J - a +5,+5 quick blade (weapon)
Armour
 a - a +0 robe (worn)
Magical devices
 k - a wand of fire (2)
 l - a wand of cold (5)
 m - a wand of draining (5)
 H - a wand of disintegration (7)
Comestibles
 c - 5 bread rations
 j - 15 strawberries
 I - 4 meat rations
Scrolls
 i - 4 scrolls of blinking
 y - 4 scrolls of amnesia
 z - 3 scrolls of recharging
 C - 7 scrolls of fog
 D - a scroll of holy word
 E - 5 scrolls of identify
 F - 5 scrolls of remove curse
 G - 2 scrolls of fear
Jewellery
 n - a +6 ring of dexterity
 o - a +6 ring of dexterity
 p - a +6 ring of intelligence (left hand)
 q - a +6 ring of intelligence
 r - a +6 ring of strength
 s - a +6 ring of strength (right hand)
Potions
 d - 10 potions of curing
 e - 10 potions of heal wounds
 f - 6 potions of haste
 g - 7 potions of magic
 h - 3 potions of berserk rage
 u - 2 potions of brilliance
 v - a potion of invisibility
 w - 2 potions of restore abilities
 x - 4 potions of resistance
 A - 4 potions of agility
 B - 4 potions of might
Books
 b - a book of Flames

   Spells                             Type                      Level
   *Flame Tongue                      Conjuration/Fire             1
   *Throw Flame                       Conjuration/Fire             2
   Conjure Flame                      Conjuration/Fire             3
   Inner Flame                        Hexes/Fire                   3
   Sticky Flame                       Conjuration/Fire             4
   Fireball                           Conjuration/Fire             5
Miscellaneous
 t - a disc of storms


   Skills:
 + Level 2.6 Dodging
 - Level 2.4 Stealth
 - Level 10.1 Spellcasting
 - Level 1.1 Conjurations
 - Level 3.2 Fire Magic


You had 18 spell levels left.
You knew the following spells:

 Your Spells              Type           Power        Failure   Level  Hunger
a - Flame Tongue          Conj/Fire      ###..        1%          1    None
b - Throw Flame           Conj/Fire      ###...       3%          2    None


Dungeon Overview and Level Annotations

Branches:
Dungeon (1/1)

Altars:
Ashenzari
Cheibriados
Dithmenos
Elyvilon
Fedhas
Gozag
Kikubaaqudgha
Makhleb
Nemelex Xobeh
Okawaru
Qazlal
Sif Muna
Trog
Vehumet
Xom
Yredelemnul
Zin
The Shining One
Beogh
Jiyva
Lugonu


Message History

The polar bear completely misses you. x2
The polar bear claws you.
* * * LOW HITPOINT WARNING * * *
You are very lightly contaminated with residual magic.
You hit the polar bear.
The polar bear is heavily wounded.
You closely miss the polar bear.
The polar bear is heavily wounded.
The polar bear completely misses you. The polar bear barely misses you.
The polar bear misses you.
You puncture the polar bear!
The polar bear is severely wounded.
The polar bear goes berserk!
Cast which spell? (? or * to list)
Aiming: Flame Tongue
Press: ? - help, Shift-Dir - straight line, f/p - polar bear
Aim: a polar bear (severely wounded, berserk)
The flame tongue misses the polar bear.
The polar bear misses you. The polar bear claws you.
You die...

▓▓▓▓▓▓▓
▓.8©8.▓
▓.....▓
▓.[.|.▓
▓.....▓
▓..h..▓
▓..@..▓
▓▓▓▓▓▓▓


You could see a polar bear (berserk).

Vanquished Creatures
  A bat simulacrum (D)
1 creature vanquished.

Notes
Turn   | Place    | Note
--------------------------------------------------------------
     0 | D        | BluebellGnoll, the Deep Elf Fire Elementalist, began the quest for the Orb.
     0 | D        | Reached XP level 1. HP: 10/10 MP: 5/5
     0 | D        | Found a roughly hewn altar of Beogh.
     0 | D        | Found a corrupted altar of Lugonu.
     1 | D        | Found a white marble altar of Elyvilon.
     2 | D        | Found a sparkling altar of Nemelex Xobeh.
     2 | D        | Found a burning altar of Makhleb.
     3 | D        | Found a deep blue altar of Sif Muna.
     3 | D        | Found a bloodstained altar of Trog.
     6 | D        | Found an iron altar of Okawaru.
    14 | D        | Found an ancient bone altar of Kikubaaqudgha.
    16 | D        | Reached skill level 10 in Spellcasting
    16 | D        | Reached XP level 2. HP: 15/15 MP: 6/18
    20 | D        | Learned a level 2 spell: Throw Flame
    20 | D        | Found a basalt altar of Yredelemnul.
    20 | D        | Found a radiant altar of Vehumet.
    24 | D        | Found a shimmering altar of Xom.
    95 | D        | Became a worshipper of Sif Muna the Loreminder
   105 | D        | Entered arena 1.
   105 | D        | Noticed a polar bear
   113 | D        | Slain by a polar bear

Action                   || total
-------------------------++-------
Melee: Quick blade       ||     3
 Cast: Flame Tongue      ||     1
Evoke: Wand              ||     3
  Use: Potion            ||     4
